 Dungeon Crawl Stone Soup version 0.26-a0-661-g406de6ba63 (webtiles) character file.

Game seed: 5847586474278080105

14977 grandjackal the Victor of a Thousand Battles (level 11, -7/90 HPs)
             Began as a Demonspawn Gladiator on Oct 8, 2020.
             Was the Champion of Okawaru.
             Mangled by an orc knight
             ... wielding a +0 halberd
              (31 damage)
             ... in a bailey.
             The game lasted 00:18:18 (12377 turns).

grandjackal (DsGl)                                 Turns: 12377, Time: 00:18:18

Health: -7/90      AC:  9    Str: 27    XL:     11   Next: 95%
Magic:  20/20      EV: 26    Int: 10    God:    Okawaru [******]
Gold:   715        SH:  4    Dex: 15    Spells: 10/10 levels left

rFire    + + .     SeeInvis .   r - +7 demon blade (drain)
rCold    . . .     Faith    .   (no shield)
rNeg     . . .     Spirit   .   J - +2 leather armour {rF+}
rPois    .         Reflect  .   c - +0 helmet
rElec    .         Harm     .   x - +0 cloak
rCorr    .         Rampage  .   H - +0 pair of gloves "Maow" {Str+4}
MR       .....                  (boots unavailable)
Stlth    ++........             (no amulet)
HPRegen  0.25/turn              f - +4 ring of evasion
MPRegen  0.17/turn              q - +6 ring of strength

@: heroism, very slightly contaminated, studying Bows, invisible (expiring)
A: hooves 3, large bone plates 1, fire resistance 1, powered by death 1
a: Heroism, Finesse, Renounce Religion


You were in a bailey.
You worshipped Okawaru.
Okawaru was exalted by your worship.
You visited 1 branch of the dungeon, and saw 12 of its levels.
You also visited: Bailey.

You collected 715 gold pieces.

Inventory:

Hand Weapons
 h - a +2 dagger of venom
 n - a +2 dagger of venom
 r - a +7 demon blade of draining (weapon)
 A - a +2 dagger of venom
 N - a +1 short sword of venom
Missiles
 d - a throwing net (quivered)
Armour
 c - a +0 helmet (worn)
 x - a +0 cloak (worn)
 H - the +0 pair of gloves "Maow" (worn) {Str+4}
   (Okawaru gifted it to you on level 9 of the Dungeon)

   It affects your strength (+4).
 J - a +2 leather armour of fire resistance (worn)
 M - a +0 scale mail of magic resistance
 S - a +0 kite shield
 T - a +0 troll leather armour
Jewellery
 f - a +4 ring of evasion (left hand)
 q - a +6 ring of strength (right hand)
 u - a +4 ring of protection {unknown}
 y - an uncursed ring of poison resistance {unknown}
 V - an uncursed ring of see invisible {unknown}
Wands
 E - a wand of polymorph (13)
 G - a wand of paralysis (9)
 K - a wand of flame (11)
 R - a wand of random effects (19)
Scrolls
 e - 5 scrolls of remove curse
 g - a scroll of magic mapping {unknown}
 l - 13 scrolls of teleportation
 p - 2 scrolls of amnesia {unknown}
 s - a scroll of brand weapon {unknown}
 t - 2 scrolls of enchant weapon {unknown}
 v - 3 scrolls of blinking {unknown}
 w - a scroll of fog {unknown}
 B - a scroll of acquirement {unknown}
 C - a scroll of fear {unknown}
 O - a scroll of enchant armour {unknown}
Potions
 a - 4 potions of curing
 b - a potion of ambrosia
 i - 3 potions of might
 j - a potion of brilliance
 k - 6 potions of lignification
 m - 2 potions of flight
 o - 5 potions of heal wounds
 z - 5 potions of invisibility
 D - a potion of cancellation
 F - 2 potions of resistance
 I - a potion of stabbing
 P - a potion of berserk rage
 Q - a potion of haste
Books
 U - a manual of Bows
Miscellaneous
 L - a phantom mirror (inert)


   Skills:
 + Level 10.1(15.1) Fighting
 + Level 9.5(14.5) Long Blades
 - Level 1.7(6.7) Throwing
 + Level 9.6(14.6) Dodging
 + Level 12.2 Invocations


You had 10 spell levels left.
You didn't know any spells.
Your spell library contained the following spells:

 Spells                   Type           Power        Failure   Level
 Foxfire                  Conj/Fire      #...         38%         1
 Summon Small Mammal      Summ           #...         38%         1
 Call Imp                 Summ           #.......     54%         2
 Call Canine Familiar     Summ           #.......     77%         3
 Conjure Flame            Conj/Fire      #.......     77%         3
 Inner Flame              Hex/Fire       #.......     77%         3
 Summon Guardian Golem    Hex/Summ       #.......     77%         3
 Sticky Flame             Conj/Fire      #.......     99%         4
 Summon Ice Beast         Ice/Summ       #.......     99%         4
 Summon Lightning Spire   Summ/Air       #.......     99%         4
 Fireball                 Conj/Fire      #.........   100%        5


Dungeon Overview and Level Annotations

Branches:
Dungeon (12/15)            Temple (0/1) D:5            Lair (0/6) D:10
    Orc (0/2) D:11         Bailey (1/1)

Altars:
Elyvilon
Okawaru
Ru


Innate Abilities, Weirdness & Mutations

You have hooves in place of feet.
You are partially covered in large bone plates. (SH +4)
Your flesh is heat resistant. (rF+)
You regenerate a little health from kills.


Message History

Aiming: Random Effects
Press: ? - help, Shift-Dir - straight line, f/p - orc knight
Aim: an orc knight, wielding a +0 halberd and wearing a +0 chain mail (lightly wounded, strong)
The orc knight seems to speed up.
The orc no longer looks unusually strong.
The orc knight no longer looks unusually strong.
Unknown command.
Evoke which item? (* to show all) (? for menu, Esc to quit)
Aiming: Random Effects
Press: ? - help, Shift-Dir - straight line, f/p - orc knight
Aim: an orc knight, wielding a +0 halberd and wearing a +0 chain mail (lightly wounded, fast, strong)
The orc knight flickers and vanishes!
Deactivating autopickup; reactivate with Ctrl-A.
You flicker for a moment.
Unknown command.
The orc no longer looks unusually strong.
Things that are here:
a +0 spear; a cursed -2 scale mail You slice something!!
Something hits you!!
You die...

#.).))..#
#.).))..#
#.)))...#
#.......#
##.....##
###'###
#)).#
#.))#
#)@)#
#){.#
###'###
##..o..##
#..oo...#
#.o.o...#
#..oo...#
#..o....#
#..)....#


You could see 3 orc knights, an orc warrior (strong) and 4 orcs.

Vanquished Creatures
  Josephine (D:10)
  2 two-headed ogres
  A cyclops (D:12)
  4 centaur zombies
  4 trolls
  A hornet (D:11)
  5 slime creatures (D:11)
  5 wraiths (D:10)
  10 yaks (D:9)
  A wyvern (D:11)
  2 water moccasins
  An acid dragon (D:11)
  4 ice beasts
  7 orc warriors
  3 phantoms
  3 black bears
  An eye of draining (D:10)
  7 sky beasts
  2 necrophages
  11 ogres
  6 centaurs
  2 big kobolds
  8 bullfrogs
  A gnoll sergeant (D:10)
  5 scorpions
  9 killer bees
  6 howler monkeys (D:11)
  8 orc priests
  7 hounds
  4 bullfrog skeletons
  Crazy Yiuf (D:3)
  2 centaur skeletons
  2 iguanas
  9 orc wizards
  9 worker ants
  2 hound skeletons
  A howler monkey zombie (D:8)
  12 gnolls
  13 adders
  A shadow imp (D:6)
  5 white imps
  4 ufetubi
  An ooze (D:1)
  2 adder skeletons
  2 worms
  2 dart slugs (D:1)
  8 leopard geckos
  56 orcs
  A ball python (D:2)
  5 giant cockroaches
  4 goblins
  8 hobgoblins
  3 jackals (D:9)
  5 quokkas
  12 bats
  6 frilled lizards
  16 kobolds
  A quokka skeleton (D:7)
  A quokka zombie (D:5)
  8 rats
333 creatures vanquished.

Vanquished Creatures (collateral kills)
  An orc (Bailey)
1 creature vanquished.

Vanquished Creatures (others)
  An adder (D:12)
1 creature vanquished.

Grand Total: 335 creatures vanquished

Notes
Turn   | Place    | Note
-------+----------+-------------------------------------------
     0 | D:1      | grandjackal the Demonspawn Gladiator began the quest for
                  | the Orb.
     0 | D:1      | Reached XP level 1. HP: 16/16 MP: 1/1
   127 | D:1      | Gained mutation: You have large cloven feet. [demonic
                  | ancestry]
   127 | D:1      | Reached XP level 2. HP: 15/22 MP: 2/2
   503 | D:1      | Gained mutation: You are partially covered in large bone
                  | plates. (SH +4) [demonic ancestry]
   503 | D:1      | Reached XP level 3. HP: 28/28 MP: 3/3
  1389 | D:2      | Found an iron altar of Okawaru.
  1400 | D:2      | Became a worshipper of Warmaster Okawaru
  1817 | D:2      | Reached skill level 1 in Invocations
  1817 | D:2      | Reached XP level 4. HP: 14/35 MP: 4/4
  2129 | D:3      | Reached skill level 2 in Invocations
  2129 | D:3      | Reached XP level 5. HP: 37/41 MP: 6/6
  2333 | D:3      | Found a runed translucent door.
  2334 | D:3      | Noticed Crazy Yiuf
  2938 | D:3      | Killed Crazy Yiuf
  3167 | D:4      | Noticed a phantom
  3219 | D:4      | Killed a phantom
  3219 | D:4      | Reached * piety under Okawaru
  3219 | D:4      | Reached skill level 3 in Invocations
  3219 | D:4      | Reached XP level 6. HP: 41/48 MP: 6/8
  3735 | D:4      | Reached skill level 4 in Invocations
  3735 | D:4      | Gained mutation: Your flesh is heat resistant. (rF+)
                  | [demonic ancestry]
  3735 | D:4      | Reached XP level 7. HP: 39/54 MP: 8/10
  4383 | D:4      | Found a sacrificial altar of Ru.
  4416 | D:4      | Reached ** piety under Okawaru
  4762 | D:5      | Entered Level 5 of the Dungeon
  5180 | D:5      | Reached skill level 5 in Dodging
  5180 | D:5      | Reached skill level 5 in Invocations
  5335 | D:5      | Reached skill level 5 in Fighting
  5335 | D:5      | Reached skill level 5 in Long Blades
  5337 | D:5      | Reached XP level 8. HP: 36/62 MP: 10/12
  5346 | D:5      | Found a staircase to the Ecumenical Temple.
  5627 | D:5      | Reached *** piety under Okawaru
  5751 | D:5      | Found a white marble altar of Elyvilon.
  5768 | D:6      | Reached skill level 6 in Invocations
  6571 | D:7      | Reached skill level 7 in Invocations
  6606 | D:7      | Gained mutation: You have hoof-like feet. [demonic
                  | ancestry]
  6606 | D:7      | Reached XP level 9. HP: 47/69 MP: 14/14
  6742 | D:7      | Reached **** piety under Okawaru
  6749 | D:7      | Got a bound pewter ring
  7437 | D:7      | Identified the ring of Mishar {Int+4 Dex+2 Stlth+} (You
                  | found it on level 7 of the Dungeon)
  7881 | D:8      | Reached skill level 8 in Invocations
  7918 | D:8      | Noticed a troll
  7921 | D:8      | Killed a troll
  8533 | D:9      | Noticed a two-headed ogre
  8542 | D:9      | Killed a two-headed ogre
  8542 | D:9      | Reached ***** piety under Okawaru
  8542 | D:9      | Reached skill level 9 in Invocations
  8542 | D:9      | Gained mutation: You have hooves in place of feet. [demonic
                  | ancestry]
  8542 | D:9      | Reached XP level 10. HP: 33/79 MP: 16/16
  9239 | D:9      | Received a gift from Okawaru
  9248 | D:9      | Got a pair of transparent gloves {god gift}
  9259 | D:9      | Identified the +0 pair of gloves "Maow" {Str+4} (Okawaru
                  | gifted it to you on level 9 of the Dungeon)
  9684 | D:9      | Reached skill level 10 in Invocations
  9982 | D:10     | Entered Level 10 of the Dungeon
 10172 | D:10     | Found a staircase to the Lair.
 10188 | D:10     | Gained mutation: You regenerate a little health from kills.
                  | [demonic ancestry]
 10188 | D:10     | Reached XP level 11. HP: 87/87 MP: 17/19
 10192 | D:10     | Noticed Josephine
 10198 | D:10     | Killed Josephine
 10412 | D:10     | Noticed a two-headed ogre
 10427 | D:10     | Killed a two-headed ogre
 10427 | D:10     | Received a gift from Okawaru
 10427 | D:10     | Reached skill level 11 in Invocations
 10454 | D:10     | Found an iron altar of Okawaru.
 11251 | D:11     | Paralysed by a hornet for 2 turns
 11442 | D:11     | Found a staircase to the Orcish Mines.
 11624 | D:11     | Reached skill level 12 in Invocations
 11628 | D:11     | Reached ****** piety under Okawaru
 11632 | D:11     | Reached skill level 10 in Fighting
 12180 | D:12     | Found a flagged portal.
 12193 | D:12     | Received a gift from Okawaru
 12210 | Bailey   | Entered a bailey
 12339 | Bailey   | Noticed an orc knight
 12340 | Bailey   | Noticed an orc knight
 12340 | Bailey   | Noticed an orc knight
 12340 | Bailey   | Noticed an orc knight
 12354 | Bailey   | Noticed an orc knight
 12377 | Bailey   | Mangled by an orc knight

Illustrated notes

Levels and vault maps discovered:
D:1:      denvon_arrival_planthouse, layout_basic
D:2:      layout_basic, okawaru_metal_pillars_1_2
D:3:      minmay_door_path, layout_basic, grunt_decor_arrowhead,
          uniq_crazy_yiuf_cottage
D:4:      layout_basic, lemuel_coloured_pillars_altar
D:5:      layout_basic, minmay_temple_entry_tees, basic_altar
D:6:      layout_cave_pools, serial_glass, glass_columns_a, glass_columns_a
D:7:      layout_loops_corners, minmay_misc_feat_more_columns
D:8:      layout_cave_pools
D:9:      layout_gridville
D:10:     minmay_clustersquares, layout_basic, lair_entry_dummy, basic_altar,
          uniq_josephine
D:11:     layout_loops_ring, orc_0_dummy, serial_bayou_pond_d
D:12:     layout_irregular_city, enter_bailey_2, uniq_nergalle
Bailey:   bailey_polearm_5, bailey

Skill      XL: |  1  2  3  4  5  6  7  8  9 10 11 |
---------------+----------------------------------+-----
Dodging        | 3 4 5 6 7 8 9 |  9.6
Long Blades    | 3 4 5 6 7 8 9 |  9.5
Fighting       | 3 4 5 6 7 8 10 | 10.1
Invocations    | 1 2 3 4 5 7 9 10 12 | 12.2
Throwing       | |  1.7

Action                   |  1- 3 |  4- 6 |  7- 9 | 10-12 || total
-------------------------+-------+-------+-------+-------++-------
Melee: Long sword        |    94 |   116 |       |       ||   210
       Kick              |    26 |    47 |   123 |   209 ||   405
       Punch             |       |     2 |       |     3 ||     5
       Scimitar          |       |       |   302 |   351 ||   653
       Demon blade       |       |       |       |    38 ||    38
Throw: Throwing net      |       |     1 |     1 |       ||     2
Invok: Heroism           |       |     1 |       |     7 ||     8
Evoke: Wand              |       |       |     6 |     6 ||    12
       Phantom mirror    |       |       |       |     1 ||     1
  Use: Potion            |     3 |       |       |     3 ||     6
       Scroll            |       |       |     8 |     5 ||    13
 Stab: Sleeping          |     1 |       |       |       ||     1
       Invisible         |       |       |       |     1 ||     1
Armor: Leather armour    |    20 |    16 |    46 |    46 ||   128
       Skin              |     5 |       |       |       ||     5
Dodge: Dodged            |    68 |    97 |   241 |   387 ||   793
Block: Other             |    11 |    24 |    44 |    64 ||   143
       Rpst.: Long sword |    19 |    31 |       |       ||    50
       Scimitar          |       |       |    71 |   105 ||   176
       Demon blade       |       |       |       |     7 ||     7

Table legend: (Time is in decaauts)
 A = Elapsed time spent in this place.
 B = Non-inter-level travel time spent in this place.
 C = Inter-level travel time spent in this place.
 D = Time resting spent in this place.
 E = Time spent auto-exploring this place.
 F = Levels seen in this place.
 G = Mean time per level.
                   A        B        C        D        E       F      G
               +--------+--------+--------+--------+--------+-----+--------+
         Total |  12448 |  12159 |    289 |   3318 |   6675 |  13 |  957.5 |
       Dungeon |  12292 |  12003 |    289 |   3318 |   6675 |  12 | 1024.3 |
        Bailey |    155 |    155 |      0 |      0 |      0 |   1 |  155.0 |
               +--------+--------+--------+--------+--------+-----+--------+

Top non-repeatable levels by time:
     D:4: 1616 daAuts
     D:9: 1457 daAuts
     D:5: 1295 daAuts
    D:11: 1204 daAuts
     D:2: 1185 daAuts
     D:3: 1069 daAuts
     D:8: 1068 daAuts
    D:10: 970 daAuts
     D:1: 945 daAuts
     D:7: 940 daAuts
     D:6: 490 daAuts
  Bailey: 155 daAuts
    D:12: 48 daAuts
